 Dungeon Sprint DCSS version 0.30-a0-924-g0ad0bf95bc (webtiles) character file.

Game seed: 8727287799692439850

50426 rocky1 the Merfolkian Blade (level 14, -3/143 HPs)
             Began as a Merfolk Gladiator on Mar 22, 2023.
             Was an Initiate of Gozag.
             Killed by vampiric draining
             ... invoked by a vampire knight
              (8 damage)
             ... in the Dungeon (Sprint IX: "|||||||||||||||||||||||||||||").
             The game lasted 00:17:52 (4311 turns).

rocky1 the Merfolkian Blade (Merfolk Gladiator)     Turns: 4311, Time: 00:17:52

Health: -3/143     AC: 33    Str: 15    XL:     14   Next: 55%
Magic:  14/14      EV: 14    Int: 14    God:    Gozag
Gold:   2927       SH:  0    Dex: 26    Spells: 13/13 levels left

rFire   + . .      SeeInvis .    F - +2 great sword (flame)
rCold   . . .      Faith    .    (shield currently unavailable)
rNeg    + . .      Spirit   .    G - +2 plate armour {rF+}
rPois   .          Reflect  .    c - +0 helmet
rElec   .          Rampage  .    r - +2 cloak {rCorr}
rCorr   +          NoTele   +    x - +3 pair of gauntlets of War {Slay+5}
Will    +....                    (no boots) Stlth
                                 b - amulet of regeneration
HPRegen 1.23/turn                y - +4 ring of protection
MPRegen 0.14/turn                z - ring of Oraenut {rN+ Int+7 Dex+6}

@: mighty, on berserk cooldown, hasted and slowed, invisible
A: (nimble swimmer 2), mertail, mutation resistance 1
a: Renounce Religion, Potion Petition, Call Merchant, Bribe Branch


You were in the Dungeon.
You worshipped Gozag.
Gozag was most pleased with you.
You visited 1 branch You collected 12838 gold pieces.
You spent 4649 gold pieces at shops.
You paid 5262 gold pieces to Gozag.

Inventory:

Hand Weapons
 o - a +2 scimitar of flaming
 B - a +1 double sword
 F - a +2 great sword of flaming (weapon)
 H - a +1 heavy scimitar
Missiles
 e - 5 javelins (quivered)
Armour
 c - a +0 helmet (worn)
 p - a +0 kite shield
 r - a +2 cloak of preservation (worn)
 x - the +3 pair of gauntlets of War (worn) {Slay+5}
   (You bought it in a shop in the Dungeon)

   Slay:      It affects your accuracy & damage with ranged weapons and melee
   (+5).
 C - a +1 tower shield
 G - a +2 plate armour of fire resistance (worn)
Jewellery
 b - an amulet of regeneration (around neck)
 q - a ring of protection from cold
 s - a ring of see invisible
 t - a ring of protection from cold
 y - a +4 ring of protection (left hand)
 z - the ring of Oraenut (right hand) {rN+ Int+7 Dex+6}
   (You bought it in a shop in the Dungeon)

   [ring of dexterity]

   Int:       It affects your intelligence (+7).
   Dex:       It affects your dexterity (+6).
   rN:        It protects you from negative energy.
 A - an amulet of magic regeneration
Wands
 j - a wand of mindburst (8)
 n - a wand of acid (10)
Scrolls
 k - 2 scrolls of blinking
 l - 2 scrolls of fear
 m - 2 scrolls of amnesia
 u - 7 scrolls of fog
 E - 2 scrolls of enchant weapon
Potions
 a - 2 potions of heal wounds
 d - 2 potions of berserk rage
 f - 7 potions of curing
 g - 4 potions of might
 h - a potion of resistance
 i - 4 potions of magic
 v - a potion of invisibility
 w - a potion of attraction {unknown}
 D - 3 potions of haste


   Skills:
 + Level 23.6 Fighting
 + Level 25.7 Long Blades
 + Level 11.4 Throwing
 + Level 15.5 Armour
 + Level 15.2 Dodging
 + Level 4.5 Shields


You had 13 spell levels left.
You didn't know any spells.
Your spell library was empty.

Dungeon Overview and Level Annotations

Branches:
Dungeon (1/1)

Altars:
Cheibriados
Dithmenos
Elyvilon
Fedhas
Gozag
Hepliaklqana
Kikubaaqudgha
Makhleb
Nemelex Xobeh
Okawaru
Qazlal
Ru
Sif Muna
Trog
Uskayaw
Vehumet
Wu Jian
Xom
Yredelemnul
Zin
The Shining One
Jiyva
Lugonu

Shops:
D =[:=![*!


Innate Abilities, Weirdness & Mutations

((You are very nimble when in or above water. (Stealth+, EV+, Speed+++)))
Your lower body shifts to a powerful aquatic tail in water.
You are somewhat resistant to further mutation.


Message History

You slice the frost giant like a ripe choko!!!
You burn the frost giant!
You kill the frost giant!
You carve the frost giant like a ham!!! You burn the frost giant!
The frost giant is heavily wounded.
You carve the frost giant like a ham!!! You burn the frost giant!!
You kill the frost giant!
Things that are here:
324 gold pieces; a +0 battleaxe of freezing; a +2 battleaxe of freezing You feel a strong urge to attack something.
You hear some strange, mumbled words.
You suddenly lose the ability to move!
You are no longer berserk.
You feel yourself slow down.
You hear some strange, mumbled words.
You shrug off the repeated paralysis!
You hear some strange, mumbled words.
Something tries to affect you, but you resist.
Something hits you but does no damage. Something bites you.
Something draws strength from your injuries!
Something hits you!!
* * * LOW HITPOINT WARNING * * *
Something bites you but does no damage.
You can move again.
Something hits you!
* * * LOW HITPOINT WARNING * * *
Something bites you but does no damage.
You slice something!! You burn something.
Something hits you but does no damage. Something bites you but does no damage.
You feel much better. Something hits you!
* * * LOW HITPOINT WARNING * * *
Something bites you.
* * * LOW HITPOINT WARNING * * *
You hit something but do no damage. You slice something!! You burn something.
Something hits you!
* * * LOW HITPOINT WARNING * * *
Something bites you but does no damage.
You closely miss something.
You die...
Your body crumbles into a pile of gold.

.▓.▓.▓.▓.▓.▓.▓.▓
.▓.▓)▓.▓.▓.▓'▓.▓.▓
.▓.▓.▓.▓.▓.♣)♣.▓.▓
.▓.▓)▓.▓.▓.♣.♣.▓.▓
.▓.▓)▓.▓.▓.♣.♣.▓.▓
'▓.▓)▓.▓[▓.♣.♣.▓.▓
.▓.▓)▓.▓[▓.♣.♣.▓.▓
.▓)▓)▓.▓[▓.♣.♣.▓.▓
.▓.▓)▓.▓[▓.♣.♣.▓@▓
.▓.▓)▓.▓[▓.♣.♣.▓.▓
.▓.▓.▓.▓[▓.♣.♣.▓.▓
.▓.▓.▓.▓.▓.♣)♣.▓$▓
.▓.▓∩▓.▓[▓.▓.▓.▓$▓
.▓.▓.▓.▓.▓.▓.▓.▓$▓
.▓.▓[▓.▓)▓.▓∩▓.▓$▓
'▓.▓[▓.▓)▓.▓.▓.▓$▓
.▓.▓[▓.▓)▓.▓.▓.▓$▓


There were no monsters in sight!

Vanquished Creatures
  A quicksilver dragon (D)
  A lich (D)
  Frances (D)
  A nagaraja (D)
  Donald (D)
  A fire giant (D)
  3 frost giants (D)
  A very ugly thing (D)
  4 stone giants (D)
  A bunyip (D)
  2 ettins (D)
  A merfolk impaler (D)
  An entropy weaver (D)
  A fire dragon (D)
  A rakshasa (D)
  2 ice dragons (D)
  A spriggan air mage (D)
  2 hydras (D)
  A centaur warrior (D)
  Erica (D)
  A merfolk aquamancer (D)
  An alligator (D)
  A naga sharpshooter (D)
  6 orc high priests (D)
  A deep troll earth mage (D)
  A shock serpent (D)
  Urug (D)
  A salamander mystic (D)
  2 goliath frogs (D)
  A spriggan druid (D)
  A swamp dragon (D)
  A flayed ghost (D)
  An orb spider (D)
  2 sea snakes (D)
  3 orc knights (D)
  A wizard (D)
  A bog body (D)
  A deep elf pyromancer (D)
  3 ugly things (D)
  4 cyclopes (D)
  2 manticores (D)
  2 guardian serpents (D)
  A water nymph (D)
  5 black mambas (D)
  Joseph (D)
  2 cane toads (D)
  A demonic crawler (D)
  A rime drake (D)
  3 komodo dragons (D)
  A tengu conjurer (D)
  2 trolls (D)
  2 tyrant leeches (D)
  A merfolk (D)
  A meliai (D)
  2 blink frogs (D)
  2 jumping spiders (D)
  A water elemental (D)
  2 culicivoras (D)
  A shadow (D)
  7 yaks (D)
  A human (shapeshifter) (D)
  3 vampire mosquitoes (D)
  A redback (D)
  2 water moccasins (D)
  9 orc warriors (D)
  2 floating eyes (D)
  5 bullfrogs (D)
  A gnoll sergeant (D)
  A scorpion (D)
  A wight (D)
  A hound (D)
  13 orc priests (D)
  A sleepcap (D)
  An iguana (D)
  3 orc wizards (D)
  An adder (D)
  4 orcs (D)
  A giant cockroach (D)
  A hobgoblin (D)
  2 kobolds (D)
  A rat (D)
157 creatures vanquished.

Vanquished Creatures (others)
  A deep troll earth mage (D)
  An efreet (D)
2 creatures vanquished.

Grand Total: 159 creatures vanquished

Notes
Turn   | Place    | Note
-------+----------+-------------------------------------------
     0 | D        | rocky1 the Merfolk Gladiator began the quest for the Orb.
     0 | D        | Reached XP level 1. HP: 16/16 MP: 1/1
     8 | D        | Reached skill level 4 in Long Blades
    29 | D        | Noticed a scorpion
    29 | D        | Noticed an iguana
    29 | D        | Noticed a sleepcap
    29 | D        | Noticed a hound
    38 | D        | Killed a hound
    39 | D        | Reached skill level 6 in Long Blades
    39 | D        | Reached XP level 2. HP: 6/24 MP: 2/2
    39 | D        | Reached XP level 3. HP: 7/29 MP: 3/3
    47 | D        | Reached skill level 7 in Long Blades
    47 | D        | Reached XP level 4. HP: 34/35 MP: 4/4
    63 | D        | Reached skill level 1 in Armour
    71 | D        | Killed a scorpion
    72 | D        | Reached skill level 8 in Long Blades
    72 | D        | Reached XP level 5. HP: 19/43 MP: 5/5
   507 | D        | Found a snail-covered altar of Cheibriados.
   507 | D        | Found a shadowy altar of Dithmenos.
   507 | D        | Found a white marble altar of Elyvilon.
   507 | D        | Found a blossoming altar of Fedhas.
   507 | D        | Found an opulent altar of Gozag.
   508 | D        | Found a hazy altar of Hepliaklqana.
   509 | D        | Found a viscous altar of Jiyva.
   510 | D        | Found an ancient bone altar of Kikubaaqudgha.
   511 | D        | Found a corrupted altar of Lugonu.
   512 | D        | Found a burning altar of Makhleb.
   513 | D        | Found a sparkling altar of Nemelex Xobeh.
   514 | D        | Found an iron altar of Okawaru.
   515 | D        | Became a worshipper of Gozag Ym Sagoz the Greedy
   516 | D        | Found a stormy altar of Qazlal.
   517 | D        | Found a sacrificial altar of Ru.
   518 | D        | Found a shimmering blue altar of Sif Muna.
   519 | D        | Found a bloodstained altar of Trog.
   520 | D        | Found a hide-covered altar of Uskayaw.
   521 | D        | Found a radiant altar of Vehumet.
   522 | D        | Found an ornate altar of the Wu Jian Council.
   523 | D        | Found a shimmering altar of Xom.
   524 | D        | Found a basalt altar of Yredelemnul.
   525 | D        | Found a glowing silver altar of Zin.
   526 | D        | Found a glowing golden altar of the Shining One.
   577 | D        | Noticed a yak
   577 | D        | Noticed a troll
   577 | D        | Noticed a shadow
   577 | D        | Noticed an orc warrior
   585 | D        | Reached skill level 5 in Fighting
   585 | D        | Reached skill level 9 in Long Blades
   592 | D        | Killed an orc warrior
   593 | D        | Reached skill level 10 in Long Blades
   593 | D        | Reached XP level 6. HP: 33/52 MP: 6/6
   597 | D        | Reached skill level 11 in Long Blades
   597 | D        | Reached skill level 10 in Dodging
   606 | D        | Killed a shadow
   607 | D        | Reached XP level 7. HP: 49/59 MP: 7/7
   610 | D        | Killed a troll
   611 | D        | Reached skill level 12 in Long Blades
   614 | D        | Killed a yak
   615 | D        | Reached skill level 13 in Long Blades
   615 | D        | Reached skill level 5 in Throwing
   615 | D        | Reached skill level 5 in Armour
   615 | D        | Reached XP level 8. HP: 50/68 MP: 8/8
  1047 | D        | Noticed a green ugly thing
  1047 | D        | Noticed a deep elf pyromancer
  1047 | D        | Noticed a cyclops
  1047 | D        | Noticed a troll
  1047 | D        | Noticed an efreet
  1057 | D        | Killed an efreet
  1063 | D        | Killed a troll
  1064 | D        | Reached skill level 14 in Long Blades
  1070 | D        | Killed a cyclops
  1071 | D        | Reached XP level 9. HP: 52/76 MP: 9/9
  1072 | D        | Killed a deep elf pyromancer
  1073 | D        | Reached skill level 15 in Long Blades
  1079 | D        | Killed a green ugly thing
  1080 | D        | Reached skill level 10 in Fighting
  1082 | D        | Reached skill level 16 in Long Blades
  1373 | D        | Noticed a black mamba
  1375 | D        | Noticed a rime drake
  1380 | D        | Noticed a cane toad
  1385 | D        | Killed a black mamba
  1388 | D        | Reached XP level 10. HP: 80/86 MP: 10/10
  1408 | D        | Reached skill level 17 in Long Blades
  1416 | D        | Killed a cane toad
  1544 | D        | Noticed a black mamba
  1553 | D        | Noticed a six-headed hydra
  1569 | D        | Killed a black mamba
  1570 | D        | Reached skill level 18 in Long Blades
  1580 | D        | Killed a two-headed hydra
  1581 | D        | Reached skill level 10 in Armour
  1802 | D        | Noticed a cane toad
  1809 | D        | Reached XP level 11. HP: 96/96 MP: 11/11
  1854 | D        | Reached skill level 19 in Long Blades
  1983 | D        | Noticed Urug
  1995 | D        | Killed Urug
  2119 | D        | Noticed Erica
  2128 | D        | Killed Erica
  2148 | D        | Noticed Joseph
  2157 | D        | Killed Joseph
  2185 | D        | Noticed a stone giant
  2197 | D        | Killed a stone giant
  2202 | D        | Noticed an orc high priest
  2208 | D        | Noticed an orc knight
  2230 | D        | Gained mutation: You are frail. (-10% HP) [a neqoxec]
  2240 | D        | Killed an orc high priest
  2248 | D        | Killed an orc knight
  2249 | D        | Reached skill level 20 in Long Blades
  2261 | D        | HP: 2/90 [orc priest/divine providence (15)]
  2561 | D        | Bought a glowing chain mail for 292 gold pieces
  2561 | D        | Bought the +3 pair of gauntlets of War {Slay+5} for 1852
                  | gold pieces
  2561 | D        | Found the +3 pair of gauntlets of War {Slay+5}
  2587 | D        | Noticed an orc knight
  2587 | D        | Noticed an orc knight
  2587 | D        | Noticed an orc high priest
  2595 | D        | Killed an orc high priest
  2596 | D        | Reached skill level 15 in Fighting
  2606 | D        | Killed an orc knight
  2617 | D        | Killed an orc knight
  2625 | D        | Reached XP level 12. HP: 20/99 MP: 12/12
  2882 | D        | Found Regawn's Distillery.
  2882 | D        | Noticed an orc high priest
  2882 | D        | Noticed an orc high priest
  2883 | D        | Noticed a sun demon
  2892 | D        | Killed an orc high priest
  2901 | D        | Found Uvaar's Jewellery Shop.
  2907 | D        | Killed an orc high priest
  2910 | D        | Found Edwuss's Book Boutique.
  2912 | D        | Found Akkis's Armour Shop.
  2916 | D        | Noticed an orc high priest
  2924 | D        | Noticed an orc high priest
  2926 | D        | Killed an orc high priest
  2927 | D        | Reached skill level 21 in Long Blades
  2931 | D        | Noticed a soul eater
  2940 | D        | Killed an orc high priest
  3204 | D        | Bought a potion of curing for 36 gold pieces
  3204 | D        | Bought a potion of heal wounds for 60 gold pieces
  3204 | D        | Bought a potion of curing for 36 gold pieces
  3204 | D        | Bought a potion of curing for 36 gold pieces
  3206 | D        | Bought an amulet of regeneration for 390 gold pieces
  3215 | D        | Bought a +0 kite shield for 45 gold pieces
  3215 | D        | Bought a +2 cloak of preservation for 215 gold pieces
  3233 | D        | Bought a +4 ring of protection for 432 gold pieces
  3233 | D        | Bought the ring of Oraenut {rN+ Int+7 Dex+6} for 742 gold
                  | pieces
  3385 | D        | Noticed a centaur warrior
  3394 | D        | Noticed a stone giant
  3398 | D        | Noticed an ettin
  3400 | D        | Noticed an ettin
  3406 | D        | Killed a centaur warrior
  3407 | D        | Noticed a deep troll earth mage
  3417 | D        | Killed a stone giant
  3421 | D        | Killed an ettin
  3422 | D        | Reached skill level 1 in Shields
  3424 | D        | Killed an ettin
  3425 | D        | Reached skill level 22 in Long Blades
  3429 | D        | Killed a deep troll earth mage
  3449 | D        | Noticed a fire giant
  3449 | D        | Noticed a stone giant
  3453 | D        | Paralysed by a floating eye for 4 turns
  3457 | D        | HP: 3/104 [fire giant/fireball (24)]
  3467 | D        | Killed a stone giant
  3472 | D        | Killed a fire giant
  3473 | D        | Reached XP level 13. HP: 65/110 MP: 13/13
  3598 | D        | Noticed Donald
  3606 | D        | Killed Donald
  3660 | D        | Noticed an entropy weaver
  3670 | D        | Killed an entropy weaver
  3687 | D        | Reached skill level 15 in Dodging
  3729 | D        | Bought a potion of heal wounds for 75 gold pieces
  3729 | D        | Bought a potion of mutation for 120 gold pieces
  3729 | D        | Bought a potion of heal wounds for 75 gold pieces
  3729 | D        | Lost mutation: You are frail. (-10% HP) [potion of
                  | mutation]
  3729 | D        | Gained mutation: You are somewhat resistant to further
                  | mutation. [potion of mutation]
  3740 | D        | Noticed a bunyip
  3747 | D        | Killed a bunyip
  3748 | D        | Reached skill level 23 in Long Blades
  3823 | D        | Noticed a merfolk impaler
  3841 | D        | Killed a merfolk impaler
  4022 | D        | Noticed a nagaraja
  4028 | D        | Killed a nagaraja
  4029 | D        | Reached skill level 24 in Long Blades
  4039 | D        | Reached skill level 10 in Throwing
  4049 | D        | Reached XP level 14. HP: 71/139 MP: 14/14
  4106 | D        | Bought a potion of might for 64 gold pieces
  4106 | D        | Bought a wand of mindburst (8) for 179 gold pieces
  4145 | D        | Noticed Frances
  4154 | D        | Killed Frances
  4225 | D        | Noticed a frost giant
  4227 | D        | Noticed a stone giant
  4238 | D        | Killed a frost giant
  4239 | D        | Noticed a quicksilver dragon
  4245 | D        | Noticed a lich
  4246 | D        | Noticed a red very ugly thing
  4248 | D        | Killed a stone giant
  4249 | D        | Reached skill level 15 in Armour
  4256 | D        | Reached skill level 25 in Long Blades
  4256 | D        | Noticed a frost giant
  4263 | D        | Killed a quicksilver dragon
  4267 | D        | Killed a lich
  4269 | D        | Noticed a frost giant
  4273 | D        | Killed a red very ugly thing
  4286 | D        | Noticed a vampire knight
  4295 | D        | Killed a frost giant
  4297 | D        | Killed a frost giant
  4299 | D        | Paralysed by something for 5 turns
  4310 | D        | HP: 4/143 [something (17)]
  4311 | D        | Killed from afar by a vampire knight

Illustrated notes

Levels and vault maps discovered:
D:        linesprint [early_d, line_temple, items_1, d_10, items_2, lair_1,
          lair_end, items_3, orc_1, orc_end, items_4, d_15, swamp_1, shoals_1,
          snake_1, spider_1, d_20, vaults_1, items_5, swamp_end, shoals_end,
          snake_end, spider_end, vaults_end, d_27, items_6, zot_1, zot_end,
          crypt_end, forest_end, elf_end, slime_end, tomb_end, abyss_end,
          pan_hell_end]

Skill      XL: |  1  2  3  4  5  6  7  8  9 10 11 12 13 14 |
---------------+-------------------------------------------+-----
Long Blades    | 6 7 8 10 11 13 14 16 18 20 22 24 25 | 25.7
Fighting       | 3 4 5 6 7 9 10 12 15 18 21 23 | 23.6
Dodging        | 6 8 9 10 11 12 13 14 15 | 15.2
Throwing       | 3 4 5 6 8 10 11 | 11.4
Armour         | 1 3 4 5 6 8 10 12 13 14 15 | 15.5
Shields        | 2 4 |  4.5

Action                     |  1- 3 |  4- 6 |  7- 9 | 10-12 | 13-15 || total
---------------------------+-------+-------+-------+-------+-------++-------
  Melee: Long sword        |    27 |    24 |       |       |       ||    51
         Scimitar          |       |    23 |    47 |   313 |       ||   383
         Punch             |       |     1 |     1 |     5 |       ||     7
         Great sword       |       |       |       |       |   157 ||   157
  Throw: Throwing net      |     3 |     1 |       |       |       ||     4
         Javelin           |       |     2 |     1 |    14 |    12 ||    29
 Invoke: Potion Petition   |       |       |       |     3 |     4 ||     7
         Call Merchant     |       |       |       |     2 |     2 ||     4
    Use: Potion            |     1 |     2 |     3 |     5 |     4 ||    15
         Scroll            |       |       |       |     1 |       ||     1
   Stab: Held in net/web   |     3 |       |       |       |       ||     3
         Invisible         |       |       |     5 |       |     5 ||    10
         Distracted        |       |       |     1 |     4 |     1 ||     6
 Armour: Leather armour    |     4 |     7 |       |       |       ||    11
         Chain mail        |       |     5 |     8 |    89 |     1 ||   103
         Plate armour      |       |       |       |       |    80 ||    80
  Dodge: Dodged            |    15 |    23 |    19 |   122 |    79 ||   258
  Block: Kite shield       |       |       |       |    15 |       ||    15

Table legend: (Time is in decaauts)
 A = Elapsed time spent in this place.
 B = Non-inter-level travel time spent in this place.
 C = Inter-level travel time spent in this place.
 D = Time resting spent in this place.
 E = Time spent auto-exploring this place.
 F = Levels seen in this place.
 G = Mean time per level.
                   A        B        C        D        E       F      G
               +--------+--------+--------+--------+--------+-----+--------+
         Total |   4167 |   4167 |      0 |   2371 |      0 |   1 | 4167.0 |
       Dungeon |   4167 |   4167 |      0 |   2371 |      0 |   1 | 4167.0 |
               +--------+--------+--------+--------+--------+-----+--------+

Top non-repeatable levels by time:
       D: 4167 daAuts
